 Dungeon Crawl Stone Soup version 0.30-a0-737-gf23d94013f (webtiles) character file.

Game seed: 7373212071883523410

79 cowhearter the Vexing (level 4, -4/32 HPs)
             Began as a Formicid Hexslinger on Feb 1, 2023.
             Killed from afar by Sigmund (6 damage)
             ... with a magic dart
             ... on level 3 of the Dungeon on Feb 2, 2023.
             The game lasted 00:11:56 (2075 turns).

cowhearter the Vexing (Formicid Hexslinger)         Turns: 2075, Time: 00:11:57

Health: -4/32      AC:  2    Str: 15    XL:     4   Next: 64%
Magic:  4/5        EV:  9    Int: 12    God:
Gold:   81         SH:  0    Dex: 16    Spells: 4/5 levels left

rFire   . . .      SeeInvis +    a - +1 sling
rCold   . . .      Faith    .    (no shield)
rNeg    . . .      Spirit   .    c - +0 robe
rPois   .          Reflect  .    (helmet unavailable)
rElec   .          Harm     .    (no cloak)
rCorr   .          Rampage  .    (no gloves)
Will    .....                    (no boots)
Stlth   ++                       (no amulet)
HPRegen 0.25/turn                (no ring)
MPRegen 0.09/turn                (no ring)

@: grasped by roots, constricted
A: permanent stasis, dig shafts and tunnels, antennae 3, four strong arms
a: Dig, Shaft Self


You were on level 3 of the Dungeon.
You visited 1 branch of the dungeon, and saw 3 of its levels.

You collected 81 gold pieces.

Inventory:

Hand Weapons
 a - a +1 sling (weapon)
 i - a +4 short sword
 q - a +0 arbalest
Missiles
 p - 17 stones
Armour
 c - a +0 robe (worn)
Scrolls
 b - 2 scrolls of poison
 d - 4 scrolls of teleportation {unknown}
 j - 2 scrolls of noise {unknown}
 l - 2 scrolls of identify {unknown}
 n - 3 scrolls of immolation {unknown}
 o - a scroll of blinking {unknown}
Potions
 e - a potion of magic {unknown}
 f - a potion of lignification {unknown}
 g - a potion of flight {unknown}
 h - a potion of heal wounds {unknown}
 k - a potion of degeneration {unknown}
 m - 2 potions of curing {unknown}


   Skills:
 + Level 1.5 Fighting
 + Level 3.5 Ranged Weapons
 + Level 2.0 Dodging
 + Level 0.3 Stealth
 + Level 1.2 Spellcasting
 + Level 4.4 Hexes


You had 4 spell levels left.
You knew the following spells:

 Your Spells              Type           Power      Damage    Failure   Level
a - Slow                  Hex            44%        N/A       4%          1

Your spell library contained the following spells:

 Spells                   Type           Power      Damage    Failure   Level
 Inner Flame              Hex/Fire       6%         N/A       34%         3
 Portal Projectile        Hex/Tloc       12%        N/A       34%         3
 Cause Fear               Hex            5%         N/A       43%         4
 Vhi's Electric Charge    Tloc/Air       0%         N/A       65%         3
 Arcjolt                  Conj/Air       0%         1d10      100%        5
 Maxwell's Capacitive Co  Air            0%         ∞         100%        8


Dungeon Overview and Level Annotations

Branches:
Dungeon (3/15)

Altars:

Shops:
D:1 =

Annotations:
D:3 Ijyb, Sigmund


Innate Abilities, Weirdness & Mutations

You cannot be hasted, slowed, berserked, paralysed or teleported.
You can dig through walls and to a lower floor.
You have a pair of large antennae on your head. (SInv)
Your four strong arms can wield two-handed weapons with a shield.


Message History

You shoot a sling bullet. The sling bullet hits Ijyb!
Ijyb is moderately wounded.
The grasping roots constrict you.
* * * LOW HITPOINT WARNING * * *
Okay, then.
Unknown command.
Fire: a) +1 sling
Press: ? - help, Shift-Dir - straight line, f/p - Ijyb
Aim: Ijyb, wielding a +2 dagger of freezing, wearing a +0 leather armour and carrying a wand of roots (5) (moderately wounded, slow, 51% to hit)
You shoot a sling bullet. The sling bullet closely misses Ijyb.
Ijyb barely misses you. The grasping roots constrict you.
* * * LOW HITPOINT WARNING * * *
The grasping roots release their grip on you.
Fire: a) +1 sling
Press: ? - help, Shift-Dir - straight line, f/p - Ijyb
Aim: Ijyb, wielding a +2 dagger of freezing, wearing a +0 leather armour and carrying a wand of roots (5) (moderately wounded, slow, 51% to hit)
You shoot a sling bullet. The sling bullet closely misses Ijyb.
Sigmund the Dreaded comes into view.
He is wielding a +0 scythe and wearing a +0 robe of cold resistance.
Fire: a) +1 sling
Press: ? - help, Shift-Dir - straight line, f/p - Ijyb
Aim: Ijyb, wielding a +2 dagger of freezing, wearing a +0 leather armour and carrying a wand of roots (5) (moderately wounded, slow, 51% to hit)
You shoot a sling bullet. The sling bullet barely misses Ijyb.
Ijyb zaps a wand.
The roots erupt in riotous growth!
The grasping roots grab you!
Ijyb is unaffected.
The grasping roots constrict you.
* * * LOW HITPOINT WARNING * * *
Sigmund gestures at you while chanting. The puff of flame misses you.
You escape the roots grasp.
A hobgoblin comes into view.
Sigmund drinks a potion.
Sigmund's spells are empowered!
The hobgoblin moves out of view.
Ijyb is no longer moving slowly.
Ijyb zaps a wand.
The roots erupt in riotous growth!
The grasping roots grab you!
Ijyb is unaffected.
The grasping roots constrict you.
* * * LOW HITPOINT WARNING * * *
Sigmund gestures at you while chanting. The magic dart hits you.
You die...

#....<.#.# #####..#.#
#.# #†.#.# #.#
#####..#.###.#
#............#
###.#..#.##..#
#.#..#.##..#
#.#.)..##..#
#####........@.#####
.......†......g....#
....................#
........@####†####..#
.###..#.{. ..# .#
#..........# #
#.###.####.# ... ...
..# ... ..# #..


You could see Sigmund (empowered) and Ijyb.

Vanquished Creatures
  3 adders
  A worm (D:2)
  A dart slug (D:1)
  7 ball pythons
  4 endoplasms
  A giant cockroach (D:1)
  3 goblins
  2 hobgoblins (D:2)
  3 jackals (D:2)
  2 quokkas (D:2)
  5 bats
  5 frilled lizards
  8 kobolds
  3 rats
48 creatures vanquished.

Notes
Turn   | Place    | Note
-------+----------+-------------------------------------------
     0 | D:1      | cowhearter the Formicid Hexslinger began the quest for the
                  | Orb.
     0 | D:1      | Reached XP level 1. HP: 15/15 MP: 2/2
   241 | D:1      | Reached skill level 4 in Hexes
   241 | D:1      | Found Efexkeas's Jewellery Shop.
   255 | D:1      | Reached XP level 2. HP: 21/21 MP: 3/3
   955 | D:2      | Reached XP level 3. HP: 26/26 MP: 4/4
  1089 | D:2      | Upgraded the game from 0.30-a0-728-gc68057be0a to
                  | 0.30-a0-737-gf23d94013f
  1596 | D:2      | Reached XP level 4. HP: 31/32 MP: 5/5
  2060 | D:3      | Noticed Ijyb
  2072 | D:3      | Noticed Sigmund
  2075 | D:3      | Killed from afar by Sigmund

Illustrated notes

Levels and vault maps discovered:
D:1:      lemuel_arrival_river_ford, layout_loops_corners, serial_shops,
          nicolae_shop_stone, serial_bayou_crossing
D:2:      layout_loops_corners
D:3:      layout_basic, uniq_ijyb, uniq_sigmund

Skill      XL: |  1  2  3  4 |
---------------+-------------+-----
Hexes          | 4 |  4.4
Ranged Weapons | 3 |  3.5
Dodging        | 2 |  2.0
Fighting       | |  1.5
Stealth        | |  0.3
Spellcasting   | |  1.2

Action                     |  1- 3 |  4- 6 || total
---------------------------+-------+-------++-------
   Fire: Sling             |    91 |    40 ||   131
   Cast: Slow              |    10 |     3 ||    13
 Armour: Robe              |     6 |     4 ||    10
  Dodge: Dodged            |    31 |    10 ||    41

Table legend: (Time is in decaauts)
 A = Elapsed time spent in this place.
 B = Non-inter-level travel time spent in this place.
 C = Inter-level travel time spent in this place.
 D = Time resting spent in this place.
 E = Time spent auto-exploring this place.
 F = Levels seen in this place.
 G = Mean time per level.
                   A        B        C        D        E       F      G
               +--------+--------+--------+--------+--------+-----+--------+
         Total |   2122 |   2100 |     22 |    156 |   1637 |   3 |  707.3 |
       Dungeon |   2122 |   2100 |     22 |    156 |   1637 |   3 |  707.3 |
               +--------+--------+--------+--------+--------+-----+--------+

Top non-repeatable levels by time:
     D:2: 1139 daAuts
     D:1: 909 daAuts
     D:3: 74 daAuts
